cohdb
Replays
Latest Replays
All Replays
Popular Replays
Top Player Replays
Match Explorer
How It Works
Community
CoH3 Stats
Reddit
Sign in to upload your games and track your stats! →
Sign in with Steam
Match 41159932
Unlisted
Match 41159932
Overview
Messages
Build Orders
End
Construct Barracks
1⁄4-ton 4x4 Truck
Riflemen Squad
Riflemen Squad
Mechanized Support Center
Engineer Squad
Construct Medical Station
Selects Advanced Infantry Battlegroup
Selects Artillery Observers
Construct Motor Pool
Grenade Package
M1 Anti-tank Gun Team
Selects Convert to Ranger Squad
Selects Designate Assault Position
M8 Greyhound Armored Car
M1918 Browning Automatic Rifles
Engineer Squad
M24 Chaffee Light Tank
Improvised Armor
M24 Chaffee Light Tank
Riflemen Squad
M3 75 mm Gun Motor Carriage
Designate Forward Repair Station
Salvage Crew
Engineer Squad
Riflemen Squad
Selects M2A1 105mm Howitzer Emplacement
M1 Anti-tank Gun Team
Construct Weapon Support Center
Ranger Squad
M1 Anti-tank Gun Team
M8 Greyhound Armored Car
Riflemen Squad
Selects Infantry Assault
Riflemen Squad
Riflemen Squad
Infantry Assault
M3 75 mm Gun Motor Carriage
Infantry Assault
M1 Anti-tank Gun Team
la
CamaradeOurs
0
0
Comments
sign in to comment!
No comments posted yet!